SR
MOOSE JAW CANUCKS @ LADUE RAMS
08/07/2038
 
TOP OF THE 1ST
Moose Jaw Canucks batting - Pitching for Ladue Rams : RHP Mike Bennett
Pitching: RHP Mike Bennett
Batting: SHB Enrique Martínez 0-0: Ball
1-0: SINGLE (Groundball, 56S, EV 64.4 MPH) (infield hit)
Batting: RHB Wally Hill 0-0: Swinging Strike
0-1: Ball
1-1: Ball
2-1: Ball
3-1: Base on Balls
Enrique Martínez to second
Batting: LHB Jiro Miyake 0-0: Called Strike
0-1: Foul Ball, location: 2F
0-2: Ball
1-2: Ball
2-2: Ball
3-2: SINGLE (Groundball, 34D, EV 99.4 MPH)
Enrique Martínez to third
Wally Hill to second
Runner from 3rd tries for Home, SAFE, throw by RF to home
Batting: RHB Kieron Daybell 0-0: Swinging Strike
0-1: Swinging Strike
0-2: Ball
1-2: Strikes out looking
Batting: SHB Senthamilselvi Manohoran 0-0: Ball
1-0: Ball
Wally Hill steals 3rd base
2-0: Called Strike
2-1: Swinging Strike
2-2: Strikes out swinging
Batting: RHB Allan Grant 0-0: Called Strike
0-1: Ball
1-1: SINGLE (Groundball, 4D, EV 98.1 MPH)
Wally Hill scores
Jiro Miyake to second
Runner from 2nd tries for 3rd, SAFE, throw by RF made to third
Batting: LHB Dave Vansant 0-0: Called Strike
0-1: Called Strike
0-2: Strikes out looking
Top of the 1st over - 2 runs, 3 hits, 0 errors, 2 left on base; Moose Jaw 2 - Ladue 0
BOTTOM OF THE 1ST
Ladue Rams batting - Pitching for Moose Jaw Canucks : LHP Jesús Fregaso
Pitching: LHP Jesús Fregaso
Batting: RHB Eric Davis 0-0: Ball
1-0: Swinging Strike
1-1: Called Strike
1-2: Strikes out swinging
Batting: RHB Allan Callejo 0-0: Called Strike
0-1: Foul Ball, location: 2F
0-2: Ball
1-2: Ball
2-2: Foul Ball, location: 2F
2-2: Ground out 6-3 (Groundball, 6S, EV 85.0 MPH)
Batting: RHB Bobby Norris 0-0: Ball
1-0: Swinging Strike
1-1: DOUBLE (Line Drive, 9LS, EV 111.2 MPH)
Batting: RHB Jaime Burgos 0-0: Called Strike
0-1: Ball
Wild Pitch!
Bobby Norris to third
1-1: Hit by Pitch
Batting: RHB Yong-hong Ren 0-0: Ball
1-0: SINGLE (Flyball, 8LS, EV 96.9 MPH)
Bobby Norris scores
Jaime Burgos to second
Batting: RHB Scott Reeves 0-0: Ball
Wild Pitch!
Jaime Burgos to third
Yong-hong Ren to second
1-0: Swinging Strike
1-1: Ball
2-1: Foul Ball, location: 2F
2-2: Ball
3-2: Base on Balls
Batting: RHB Ángelo Atenas 0-0: Ball
1-0: SINGLE (Line Drive, 9S, EV 91.2 MPH)
Jaime Burgos scores
Yong-hong Ren to third
Scott Reeves to second
Runner from 3rd tries for Home, SAFE, throw by RF to home
Batting: RHB Justin Strong 0-0: SINGLE (Groundball, 4, EV 87.5 MPH) (infield hit)
Scott Reeves to third
Ángelo Atenas to second
Batting: LHB Pedro Marrero 0-0: Fly out, F7 (Flyball, 78M, EV 76.9 MPH)
Bottom of the 1st over - 3 runs, 4 hits, 0 errors, 3 left on base; Moose Jaw 2 - Ladue 3
TOP OF THE 2ND
Moose Jaw Canucks batting - Pitching for Ladue Rams : RHP Mike Bennett
Batting: RHB Mark Kirk 0-0: Called Strike
0-1: Ball
1-1: Called Strike
1-2: Ball
2-2: Foul Ball, location: 2F
2-2: Foul Ball, location: 2F
2-2: SINGLE (Flyball, 8LS, EV 93.1 MPH)
Batting: RHB Edwin Hastings 0-0: Called Strike
0-1: Ball
1-1: Ball
2-1: Swinging Strike
2-2: Ball
Mark Kirk steals 2nd base
3-2: Strikes out swinging
Batting: SHB Enrique Martínez 0-0: Ball
1-0: Ball
2-0: Foul Ball, location: 2F
2-1: Ball
3-1: Swinging Strike
3-2: Foul Ball, location: 2F
3-2: Strikes out swinging
Batting: RHB Wally Hill 0-0: Ball
1-0: DOUBLE (Line Drive, 9LM, EV 108.8 MPH)
Mark Kirk scores
Batting: LHB Jiro Miyake 0-0: Ball
1-0: Called Strike
1-1: DOUBLE (Line Drive, 78D, EV 107.5 MPH)
Wally Hill scores
Batting: RHB Kieron Daybell 0-0: Ground out 1-3 (Groundball, 13, EV 68.8 MPH)
Top of the 2nd over - 2 runs, 3 hits, 0 errors, 1 left on base; Moose Jaw 4 - Ladue 3
BOTTOM OF THE 2ND
Ladue Rams batting - Pitching for Moose Jaw Canucks : LHP Jesús Fregaso
Batting: RHB Eric Davis 0-0: Reached on error, E6 (Groundball, 6, EV 81.2 MPH)
Batting: RHB Allan Callejo 0-0: Ball
1-0: Foul Ball, location: 2F
1-1: Ball
2-1: Foul Ball, location: 2F
2-2: Ball
3-2: Base on Balls
Batting: RHB Bobby Norris 0-0: Called Strike
0-1: Ball
1-1: Ball
2-1: Called Strike
2-2: Ball
Passed Ball!
Eric Davis to third
Allan Callejo to second
3-2: Fly out, F7 (Flyball, 7, EV 87.5 MPH)
Runner from 3rd tags up, OUT at HOME! 7-2
Allan Callejo to third
Batting: RHB Jaime Burgos 0-0: Ball
1-0: Called Strike
1-1: Ground out 6-3 (Groundball, 6, EV 92.5 MPH)
Bottom of the 2nd over - 0 runs, 0 hits, 1 error, 1 left on base; Moose Jaw 4 - Ladue 3
TOP OF THE 3RD
Moose Jaw Canucks batting - Pitching for Ladue Rams : RHP Mike Bennett
Batting: SHB Senthamilselvi Manohoran 0-0: Foul Ball, location: 2F
0-1: Foul Ball, location: 2F
0-2: Foul Ball, location: 2F
0-2: Ground out 6-3 (Groundball, 6M, EV 103.8 MPH)
Batting: RHB Allan Grant 0-0: Fly out, F9 (Flyball, 9, EV 93.8 MPH)
Batting: LHB Dave Vansant 0-0: Ground out 3-1 (Groundball, 34S, EV 80.0 MPH)
Top of the 3rd over - 0 runs, 0 hits, 0 errors, 0 left on base; Moose Jaw 4 - Ladue 3
BOTTOM OF THE 3RD
Ladue Rams batting - Pitching for Moose Jaw Canucks : LHP Jesús Fregaso
Batting: RHB Yong-hong Ren 0-0: Ball
1-0: Called Strike
1-1: Swinging Strike
1-2: SINGLE (Groundball, 4MD, EV 99.4 MPH)
Batting: RHB Scott Reeves 0-0: Called Strike
0-1: Ball
1-1: Ball
2-1: Ball
3-1: Called Strike
3-2: DOUBLE (Flyball, 8RXD, EV 101.9 MPH)
Yong-hong Ren to third
Yong-hong Ren scores
Batting: RHB Ángelo Atenas 0-0: Ball
1-0: Ball
2-0: Ground out 2-3 (Groundball, 2R, EV 65.6 MPH)
Scott Reeves to third
Batting: RHB Justin Strong 0-0: Foul Ball, location: 2F
0-1: Foul Ball, location: 2F
0-2: Ball
1-2: Fly out, F7 (Flyball, 78S, EV 79.4 MPH)
Batting: LHB Pedro Marrero 0-0: Fly out, F9 (Line Drive, 9D, EV 91.2 MPH)
Bottom of the 3rd over - 1 run, 2 hits, 0 errors, 1 left on base; Moose Jaw 4 - Ladue 4
TOP OF THE 4TH
Moose Jaw Canucks batting - Pitching for Ladue Rams : RHP Mike Bennett
Batting: RHB Mark Kirk 0-0: Called Strike
0-1: Ball
1-1: Fly out, F7 (Line Drive, 7D, EV 85.6 MPH)
Batting: RHB Edwin Hastings 0-0: Called Strike
0-1: Ground out 5-3 (Groundball, 56, EV 85.6 MPH)
Batting: SHB Enrique Martínez 0-0: Ball
1-0: Ball
2-0: Fly out, F9 (Line Drive, 9, EV 96.9 MPH)
Top of the 4th over - 0 runs, 0 hits, 0 errors, 0 left on base; Moose Jaw 4 - Ladue 4
BOTTOM OF THE 4TH
Ladue Rams batting - Pitching for Moose Jaw Canucks : LHP Jesús Fregaso
Batting: RHB Bastien Oudin 0-0: Ball
1-0: Called Strike
1-1: Ground out 4-3 (Groundball, 6M, EV 78.8 MPH)
Batting: RHB Allan Callejo 0-0: Ball
1-0: Ball
2-0: Called Strike
2-1: Foul Ball, location: 2F
2-2: Ball
3-2: Fly out, F9 (Line Drive, 9, EV 90.6 MPH)
Batting: RHB Bobby Norris 0-0: Ball
1-0: Ball
2-0: Hit by Pitch
Batting: RHB Jaime Burgos 0-0: Ball
1-0: Ball
2-0: Ball
3-0: Called Strike
3-1: Base on Balls
Bobby Norris to second
Batting: RHB Yong-hong Ren 0-0: Foul Ball, location: 2F
0-1: Swinging Strike
0-2: Foul Ball, location: 2F
0-2: Foul Ball, location: 2F
0-2: Ball
Passed Ball!
Bobby Norris to third
Jaime Burgos to second
1-2: Strikes out swinging
Bottom of the 4th over - 0 runs, 0 hits, 0 errors, 2 left on base; Moose Jaw 4 - Ladue 4
TOP OF THE 5TH
Moose Jaw Canucks batting - Pitching for Ladue Rams : RHP Mike Bennett
Batting: RHB Wally Hill 0-0: Called Strike
0-1: Foul Ball, location: 2F
0-2: DOUBLE (Line Drive, 7LM, EV 93.8 MPH)
Batting: LHB Jiro Miyake 0-0: Ball
1-0: SINGLE (Groundball, 34D, EV 103.1 MPH)
Wally Hill to third
Runner from 3rd tries for Home, SAFE, no throw by RF
Batting: RHB Kieron Daybell 0-0: Foul Ball, location: 2F
0-1: Swinging Strike
0-2: Ball
1-2: Hit by Pitch
Jiro Miyake to second
Batting: SHB Senthamilselvi Manohoran 0-0: Fielders Choice at 2nd, 5-4 (Groundball, 56S, EV 82.5 MPH)
Jiro Miyake to third
Batting: RHB Allan Grant 0-0: Ball
1-0: Grounds into double play, 6-4-3 (Groundball, 6, EV 98.1 MPH)
Top of the 5th over - 1 run, 2 hits, 0 errors, 1 left on base; Moose Jaw 5 - Ladue 4
BOTTOM OF THE 5TH
Ladue Rams batting - Pitching for Moose Jaw Canucks : LHP Jesús Fregaso
Batting: RHB Scott Reeves 0-0: Foul Ball, location: 2F
0-1: Ball
1-1: Ball
2-1: Ball
3-1: Swinging Strike
3-2: DOUBLE (Line Drive, 9LS, EV 106.2 MPH)
Batting: RHB Ángelo Atenas 0-0: Fly out, F9 (Line Drive, 9, EV 95.0 MPH)
Batting: RHB Justin Strong 0-0: Called Strike
0-1: Ball
1-1: Ball
2-1: Ball
3-1: SINGLE (Line Drive, 4MD, EV 104.4 MPH)
Scott Reeves to third
Runner from 3rd tries for Home, SAFE, throw by CF to home
Batting: LHB Pedro Marrero 0-0: Called Strike
0-1: Fly out, F8 (Flyball, 89M, EV 88.1 MPH)
Batting: RHB Bastien Oudin 0-0: Called Strike
0-1: Called Strike
0-2: Ball
1-2: Ball
2-2: SINGLE (Flyball, 89S, EV 89.4 MPH)
Justin Strong to second
Runner from 2nd tries for 3rd, SAFE, throw by CF made to third
Batting: RHB Allan Callejo 0-0: Ball
1-0: Foul Ball, location: 2F
1-1: Foul Ball, location: 2F
1-2: Fly out, F7 (Line Drive, 7, EV 89.4 MPH)
Bottom of the 5th over - 1 run, 3 hits, 0 errors, 2 left on base; Moose Jaw 5 - Ladue 5
TOP OF THE 6TH
Moose Jaw Canucks batting - Pitching for Ladue Rams : RHP Mike Bennett
Batting: LHB Dave Vansant 0-0: Fly out, F7 (Line Drive, 7, EV 87.5 MPH)
Batting: RHB Mark Kirk 0-0: Called Strike
0-1: Ball
1-1: Foul Ball, location: 2F
1-2: Fly out, F9 (Flyball, 9LM, EV 96.9 MPH)
Batting: RHB Edwin Hastings 0-0: Called Strike
0-1: SINGLE (Groundball, 4M, EV 91.9 MPH) (infield hit)
Batting: SHB Enrique Martínez 0-0: Ball
Edwin Hastings steals 2nd base
1-0: Ball
2-0: Called Strike
2-1: SINGLE (Groundball, 56D, EV 103.1 MPH)
Edwin Hastings to third
Runner from 3rd tries for Home, SAFE, throw by LF to home
Batting: RHB Wally Hill 0-0: Called Strike
0-1: Called Strike
0-2: Strikes out swinging
Top of the 6th over - 1 run, 2 hits, 0 errors, 1 left on base; Moose Jaw 6 - Ladue 5
BOTTOM OF THE 6TH
Ladue Rams batting - Pitching for Moose Jaw Canucks : LHP Jesús Fregaso
Pitching: RHP Manuel Sánchez
Batting: RHB Bobby Norris 0-0: Called Strike
0-1: Ball
1-1: Called Strike
1-2: Foul Ball, location: 2F
1-2: Strikes out looking
Batting: RHB Jaime Burgos 0-0: Called Strike
0-1: Swinging Strike
0-2: Foul Ball, location: 2F
0-2: Fly out, F2 (Popup, 2LF, EV 86.9 MPH)
Batting: RHB Yong-hong Ren 0-0: Ball
1-0: Called Strike
1-1: SINGLE (Groundball, 56D, EV 100.6 MPH)
Batting: RHB Scott Reeves 0-0: Called Strike
Yong-hong Ren steals 2nd base
0-1: DOUBLE (Flyball, 8RXD, EV 95.6 MPH)
Yong-hong Ren scores
Batting: RHB Ángelo Atenas 0-0: Ball
1-0: Ball
2-0: Called Strike
2-1: Foul Ball, location: 2F
2-2: Strikes out swinging
Bottom of the 6th over - 1 run, 2 hits, 0 errors, 1 left on base; Moose Jaw 6 - Ladue 6
TOP OF THE 7TH
Moose Jaw Canucks batting - Pitching for Ladue Rams : RHP Mike Bennett
Batting: LHB Jiro Miyake 0-0: Called Strike
0-1: SINGLE (Line Drive, 78M, EV 99.4 MPH)
Pitching: RHP Miguel Villalobos
Batting: RHB Kieron Daybell 0-0: Ball
1-0: Called Strike
1-1: Called Strike
1-2: Ball
2-2: Foul Ball, location: 2F
2-2: Foul Ball, location: 2F
2-2: Foul Ball, location: 2F
2-2: Ball
3-2: Foul Ball, location: 2F
3-2: Strikes out looking
Batting: SHB Senthamilselvi Manohoran 0-0: Swinging Strike
0-1: Swinging Strike
0-2: Foul Ball, location: 2F
0-2: Strikes out swinging
Batting: RHB Allan Grant 0-0: SINGLE (Flyball, 9S, EV 89.4 MPH)
Jiro Miyake to second
Pinch Runner at 2nd Jorge Núńez:
Batting: LHB Dave Vansant 0-0: Called Strike
0-1: Foul Ball, location: 2F
0-2: Ball
1-2: Strikes out swinging
Top of the 7th over - 0 runs, 2 hits, 0 errors, 2 left on base; Moose Jaw 6 - Ladue 6
BOTTOM OF THE 7TH
Ladue Rams batting - Pitching for Moose Jaw Canucks : RHP Manuel Sánchez
Now at 1B: Rubén Camacho
Batting: RHB Justin Strong 0-0: Called Strike
0-1: Ball
1-1: Ball
2-1: Ball
3-1: Ground out 6-3 (Groundball, 6, EV 86.9 MPH)
Batting: LHB Pedro Marrero 0-0: Fly out, F9 (Flyball, 9LM, EV 101.9 MPH)
Batting: RHB Bastien Oudin 0-0: Called Strike
0-1: Ball
1-1: Ground out 6-3 (Groundball, 56, EV 86.2 MPH)
Bottom of the 7th over - 0 runs, 0 hits, 0 errors, 0 left on base; Moose Jaw 6 - Ladue 6
TOP OF THE 8TH
Moose Jaw Canucks batting - Pitching for Ladue Rams : RHP Miguel Villalobos
Batting: RHB Mark Kirk 0-0: Ball
1-0: DOUBLE (Line Drive, 89XD, EV 102.5 MPH)
Batting: RHB Edwin Hastings 0-0: Ball
1-0: Ball
2-0: Called Strike
2-1: Swinging Strike
2-2: Foul Ball, location: 2F
2-2: Ball
3-2: Foul Ball, location: 2F
3-2: Strikes out swinging
Batting: SHB Enrique Martínez 0-0: Called Strike
0-1: Ball
1-1: Foul Ball, location: 2F
1-2: Foul Ball, location: 2F
1-2: Strikes out swinging
Batting: RHB Wally Hill 0-0: Foul Ball, location: 2F
0-1: Foul Ball, location: 2F
0-2: Ball
1-2: Ball
2-2: Ball
3-2: Base on Balls
Batting: RHB Rubén Camacho 0-0: Called Strike
0-1: Ball
1-1: Ball
2-1: Ball
3-1: Foul Ball, location: 2F
3-2: Foul Ball, location: 2F
3-2: Foul Ball, location: 2F
3-2: SINGLE (Line Drive, 6MD, EV 100.0 MPH)
Mark Kirk to third
Wally Hill to second
Mark Kirk scores
Wally Hill to third
Batting: RHB Kieron Daybell 0-0: Fielders Choice at 2nd, 5-4 (Groundball, 56, EV 83.1 MPH)
Top of the 8th over - 1 run, 2 hits, 0 errors, 2 left on base; Moose Jaw 7 - Ladue 6
BOTTOM OF THE 8TH
Ladue Rams batting - Pitching for Moose Jaw Canucks : RHP Manuel Sánchez
Batting: RHB Allan Callejo 0-0: Called Strike
0-1: Ball
1-1: Swinging Strike
1-2: Foul Ball, location: 2F
1-2: Foul Ball, location: 2F
1-2: Ball
2-2: Ball
3-2: Foul Ball, location: 2F
3-2: Foul Ball, location: 2F
3-2: Base on Balls
Pinch Hitting: LHB You-liang Yang 0-0: Called Strike
0-1: Swinging Strike
0-2: Foul Ball, location: 2F
0-2: Ball
1-2: Fielders Choice at 2nd, 5-4 (Groundball, 56, EV 86.9 MPH)
Batting: RHB Jaime Burgos 0-0: Ball
1-0: Ball
2-0: Ball
3-0: Called Strike
3-1: Foul Ball, location: 2F
3-2: Foul Ball, location: 2F
3-2: SINGLE (Flyball, 8RS, EV 98.8 MPH)
You-liang Yang to second
Pitching: RHP Vicente Sánchez
Batting: RHB Yong-hong Ren 0-0: Called Strike
0-1: Ball
1-1: Ball
2-1: Called Strike
2-2: SINGLE (Groundball, 34D, EV 108.1 MPH)
You-liang Yang to third
Jaime Burgos to second
Batting: RHB Scott Reeves 0-0: Ball
1-0: Foul Ball, location: 2F
1-1: Swinging Strike
1-2: Ball
2-2: Ball
3-2: SINGLE (Groundball, 56, EV 100.6 MPH) (infield hit)
You-liang Yang scores
Jaime Burgos to third
Yong-hong Ren to second
Batting: RHB Ángelo Atenas 0-0: Foul Ball, location: 2F
0-1: Foul Ball, location: 2F
0-2: Foul Ball, location: 2F
0-2: Foul Ball, location: 2F
0-2: Ball
1-2: Ball
2-2: Strikes out swinging
Batting: RHB Justin Strong 0-0: Ball
1-0: Hit by Pitch
Jaime Burgos scores
Yong-hong Ren to third
Scott Reeves to second
Batting: LHB Pedro Marrero 0-0: Called Strike
0-1: Ball
1-1: Foul Ball, location: 2F
1-2: Ball
2-2: Ground out U3 (Groundball, 34, EV 108.1 MPH)
Bottom of the 8th over - 2 runs, 3 hits, 0 errors, 3 left on base; Moose Jaw 7 - Ladue 8
TOP OF THE 9TH
Moose Jaw Canucks batting - Pitching for Ladue Rams : RHP Miguel Villalobos
Pitching: LHP Jack Fisher
Now in LF: Ramón Gómez
Batting: SHB Senthamilselvi Manohoran 0-0: Called Strike
0-1: Ball
1-1: Ball
2-1: Foul Ball, location: 2F
2-2: Ball
3-2: Ground out 6-3 (Groundball, 56S, EV 71.9 MPH)
Batting: RHB Allan Grant 0-0: Ball
1-0: Ball
2-0: Ball
3-0: Called Strike
3-1: Called Strike
3-2: Fly out, F8 (Flyball, 89M, EV 86.2 MPH)
Batting: LHB Dave Vansant 0-0: Ball
1-0: Foul Ball, location: 2F
1-1: Swinging Strike
1-2: Strikes out swinging
Top of the 9th over - 0 runs, 0 hits, 0 errors, 0 left on base; Moose Jaw 7 - Ladue 8
Friday, April 17th, 2020 - OOTP Baseball 20.8 Build 74